 Dungeon Crawl Stone Soup version 0.20.1-1-g8b1a95d (webtiles) character file.

23 vineage the Firebug (level 2, -1/20 HPs)
             Began as a Demonspawn Fire Elementalist on Oct 27, 2017.
             Slain by an adder (2 damage)
             ... on level 2 of the Dungeon.
             The game lasted 00:03:56 (1061 turns).

vineage the Firebug (Demonspawn Fire Elementalist)  Turns: 1061, Time: 00:03:56

Health: -1/20      AC:  4    Str:  8    XL:     2   Next: 72%
Magic:  5/5        EV: 12    Int: 16    God:
Gold:   78         SH:  4    Dex: 13    Spells: 4/5 levels left

rFire    . . .     SeeInvis .   (no weapon)
rCold    . . .     Gourm    .   (no shield)
rNeg     . . .     Faith    .   a - +0 robe
rPois    .         Spirit   .   j - +1 helmet
rElec    .         Reflect  +   g - scarf {cloud immunity}
rCorr    .         Harm     .   (no gloves)
MR       .....                  (no boots)
Stlth    ++........             i - +4 amulet of reflection
Regen    0.1/turn               (no ring)
MPRegen  0.1/turn               (no ring)

@: hasted, very quick
A: powered by death 1
a: no special abilities


You were on level 2 of the Dungeon.
You were hungry.

You visited 1 branch of the dungeon, and saw 2 of its levels.

You collected 78 gold pieces.

Inventory:

Armour
 a - a +0 robe (worn)
 g - a scarf of cloud immunity (worn)
 j - a +1 helmet (worn)
Jewellery
 i - a +4 amulet of reflection (around neck)
Scrolls
 d - a scroll of immolation {unknown}
 e - a scroll of fear {unknown}
 k - a scroll of teleportation {unknown}
 l - a scroll of amnesia {unknown}
 o - a scroll of identify {unknown}
Potions
 f - a potion of curing {unknown}
 m - a potion of mutation {unknown}
Books
 b - a book of Flames

   Spells                             Type                      Level
   a - Flame Tongue                   Conjuration/Fire             1
   b - Throw Flame                    Conjuration/Fire             2
   c - Conjure Flame                  Conjuration/Fire             3
   d - Inner Flame                    Hexes/Fire                   3
   e - Sticky Flame                   Conjuration/Fire             4
   f - Fireball                       Conjuration/Fire             5
Comestibles
 c - a bread ration
 h - 2 meat rations


   Skills:
 * Level 0.6 Fighting
 - Level 1.7 Dodging
 - Level 1.7 Stealth
 + Level 0.1 Unarmed Combat
 + Level 2.3 Spellcasting
 - Level 1.0 Conjurations
 + Level 3.2 Fire Magic


You had 4 spell levels left.
You knew the following spells:

 Your Spells              Type           Power        Failure   Level  Hunger
a - Flame Tongue          Conj/Fire      #....        9%          1    #......


Dungeon Overview and Level Annotations

Branches:
Dungeon (2/15)

Altars:


Innate Abilities, Weirdness & Mutations

You regenerate a little health from kills.


Message History

You are too injured to fight recklessly!
You are too injured to fight recklessly!
You are too injured to fight recklessly!
The bat misses you. The bat barely misses you. You block the kobold's attack.
The bat closely misses you. The adder barely misses you.
A goblin comes into view. It is wielding a club.
The bat misses you.
The goblin shouts!
The bat closely misses you. The adder barely misses you.
The bat closely misses you. The bat hits you. The adder bites you.
The adder bites you.
* * * LOW HITPOINT WARNING * * *
The rat bites you.
* * * LOW HITPOINT WARNING * * *
It was a potion of haste.
You feel yourself speed up. The adder barely misses you.
The rat bites you but does no damage. The adder bites you.
You die...

#........ #......####.
..... #........... ......
#....>...... ........#
#..(....#.#. ........#
#........... .......###
#g..........
#.......######rb.g.......
#.......'....@SK..#.#...#
#.......#########........
#.......# #.###..##
#.......# #.# ...
#.......# #.# ##
#.####### .# #.# .# #.#
####'####


You could see an adder, a hobgoblin, a goblin, a bat, a kobold and a rat.

Vanquished Creatures
  A dart slug (D:1)
  2 leopard geckos (D:1)
  2 giant cockroaches (D:1)
  2 goblins (D:1)
  3 hobgoblins (D:1)
  2 kobolds (D:1)
  4 bats
  A frilled lizard (D:1)
  A rat (D:1)
18 creatures vanquished.

Notes
Turn   | Place    | Note
-------+----------+-------------------------------------------
     0 | D:1      | vineage the Demonspawn Fire Elementalist began the quest for the Orb.
     0 | D:1      | Reached XP level 1. HP: 13/13 MP: 3/3
     2 | D:1      | Noticed a vine stalker
     2 | D:1      | Noticed a naga
     4 | D:1      | Noticed a tengu
     4 | D:1      | Noticed a merfolk
     6 | D:1      | Noticed a halfling
     6 | D:1      | Noticed a minotaur
     8 | D:1      | Noticed a gargoyle
    10 | D:1      | Noticed a formicid
    12 | D:1      | Noticed a centaur
    12 | D:1      | Noticed an ogre
    14 | D:1      | Noticed a dwarf
    14 | D:1      | Noticed a demigod
    16 | D:1      | Noticed a draconian
    16 | D:1      | Noticed a troll
    18 | D:1      | Noticed an octopode
    18 | D:1      | Noticed a demonspawn
    20 | D:1      | Noticed an elf
    22 | D:1      | Noticed a spriggan
    22 | D:1      | Noticed a vampire
    24 | D:1      | Noticed a human
    26 | D:1      | Noticed a ghoul
    26 | D:1      | Noticed a felid
   403 | D:1      | Reached skill level 3 in Fire Magic
   403 | D:1      | Gained mutation: You regenerate a little health from kills. [demonic ancestry]
   403 | D:1      | Reached XP level 2. HP: 19/19 MP: 1/5
  1060 | D:2      | HP: 1/20 [rat (1)]
  1061 | D:2      | Slain by an adder

Skill      XL: |  1 |
---------------+----+-----
Fire Magic     | 3 |  3.2
Fighting       | |  0.6
Dodging        | |  1.7
Stealth        | |  1.7
Unarmed Combat | |  0.1
Spellcasting   | |  2.3
Conjurations   | |  1.0

Action                   || total
-------------------------++-------
Melee: Unarmed           ||    35
 Cast: Flame Tongue      ||    29
  Use: Potion            ||     1
Armor: Robe              ||    21
Dodge: Dodged            ||    65
Block: Other             ||    14
       Reflection        ||     1
